[Event "Titled Tuesday Blitz June 21 Early 2022"]
[White "Grigorov, Grigor"]
[Black "Zierk, Steven"]
[WhiteFideId "2907313"]
[BlackFideId "2034255"]
[WhiteElo "2510"]
[BlackElo "2494"]
[Result "0-1"]
[Round "08"]
[TimeControl "180+1"]
[Date "2022.06.21"]
[WhiteClock "0:00:21"]
[BlackClock "0:00:14"]

1. d4 d5 2. c4 dxc4 3. e3 Nf6 4. Bxc4 e6 5. Nf3 a6 6. O-O c5 7. dxc5 Qxd1 8. Rxd1 Bxc5 9. Nfd2 b6 10. Nb3 Be7 11. Be2 Bb7 12. N1d2 Nbd7 13. Nc4 O-O 14. f3 a5 15. e4 a4 16. Nd4 Bc5 17. Be3 Ba6 18. Kf2 Rac8 19. Rac1 Rfd8 20. Na3 Bxe2 21. Kxe2 Kf8 22. Nab5 Ne5 23. a3 h6 24. h3 Ke7 25. f4 Ng6 26. Na7 Nxe4 27. Nxc8+ Rxc8 28. Kf3 f5 29. g3 h5 30. h4 Kf6 31. Ne2 Ne7 32. Bd4+ Kf7 33. Bxc5 Nxc5 34. Nc3 Nc6 35. Rd6 Na5 36. Rxb6 Nc4 37. Rb4 Nd3 38. Rb7+ Kg6 39. Rc2 Ne1+ 40. Ke2 Nxc2 41. Kd3 N2e3 42. Nxa4 Nf1 43. Nb6 Nxb6 44. Rxb6 Kf6 45. a4 Nxg3 46. a5 Rd8+ 47. Kc4 Ne2 48. b4 Nxf4 49. a6 Nd5 50. Rb7 f4 51. a7 f3 52. Rb8 f2 53. a8=Q Nb6+ 0-1


[Site "https://www.chess.com"]

[Event "Titled Tuesday Blitz June 21 Early 2022"]
[White "Gubajdullin, Alexei"]
[Black "Topalov, Aleksandar"]
[WhiteFideId "4141202"]
[BlackFideId "925659"]
[WhiteElo "2280"]
[BlackElo "2179"]
[Result "1-0"]
[Round "08"]
[TimeControl "180+1"]
[Date "2022.06.21"]
[WhiteClock "0:00:16"]
[BlackClock "0:00:15"]

1. d4 Nf6 2. Nf3 g6 3. Bf4 Bg7 4. e3 O-O 5. Be2 d6 6. O-O Nbd7 7. h3 b6 8. a3 Bb7 9. a4 a6 10. Nc3 Ne4 11. Nxe4 Bxe4 12. Nd2 Bb7 13. Bf3 Qc8 14. Bxb7 Qxb7 15. Qf3 Qxf3 16. Nxf3 e5 17. Bg3 exd4 18. exd4 Rfe8 19. Rfe1 Nf6 20. c3 b5 21. axb5 axb5 22. Kf1 Rxe1+ 23. Rxe1 Nd5 24. Rb1 Bh6 25. Ne1 f5 26. Nd3 Kf7 27. Ke2 Ra2 28. Kd1 Ra8 29. Kc2 Re8 30. Re1 Rxe1 31. Nxe1 Ke6 32. h4 Bg7 33. Nd3 Bf6 34. Kd2 h6 35. f3 g5 36. hxg5 hxg5 37. Bf2 g4 38. fxg4 fxg4 39. Ke2 Bg5 40. g3 Kf5 41. Be1 Bh6 42. b3 Bg5 43. c4 bxc4 44. bxc4 Nb6 45. c5 Nd5 46. Ba5 Be3 47. Bxc7 Nxc7 48. Kxe3 Nd5+ 49. Ke2 dxc5 50. dxc5 Ke4 51. c6 Kf5 52. Nb4 Nc7 53. Kd3 Ke5 54. Kc4 Ke4 55. Kc5 Kf3 56. Kd6 Nb5+ 57. Kc5 Nc7 58. Kb6 Ne6 59. Nd3 Kxg3 60. Nc5 Kf3 61. Nxe6 g3 62. Nd4+ Ke4 63. Ne2 g2 64. c7 Ke3 65. Ng1 Kf2 66. c8=Q Kxg1 67. Qg4 Kf2 68. Qf4+ Ke1 69. Qg3+ Kf1 70. Qf3+ Kg1 71. Kc5 Kh1 72. Qh5+ Kg1 73. Kd4 1-0


[Site "https://www.chess.com"]

[Event "Titled Tuesday Blitz June 21 Early 2022"]
[White "Halkias, Stelios"]
[Black "So, Wesley"]
[WhiteFideId "4201809"]
[BlackFideId "5202213"]
[WhiteElo "2453"]
[BlackElo "2742"]
[Result "0-1"]
[Round "08"]
[TimeControl "180+1"]
[Date "2022.06.21"]
[WhiteClock "0:00:02"]
[BlackClock "0:00:31"]

1. Nf3 d5 2. d4 Nf6 3. c4 e6 4. g3 Bb4+ 5. Nbd2 dxc4 6. Qc2 b5 7. a4 c6 8. Bg2 Bb7 9. O-O O-O 10. e4 Nbd7 11. e5 Nd5 12. Ne4 h6 13. Bd2 Be7 14. b3 cxb3 15. Qxb3 a6 16. Rfc1 Qb6 17. Nd6 Bxd6 18. exd6 c5 19. Ne5 c4 20. Nxd7 Qxd6 21. Rxc4 Qxd7 22. Rc5 Rfc8 23. axb5 Rxc5 24. dxc5 axb5 25. Rxa8+ Bxa8 26. Qa3 Bc6 27. Qa5 f6 28. h3 Kf7 29. Bf3 Ne7 30. Bh5+ g6 31. Be2 Qd5 32. f3 Qxc5+ 33. Kf1 Nf5 34. Qc7+ Ne7 35. Bxh6 Qh5 36. Bf4 Qxh3+ 37. Ke1 e5 38. Be3 Qxg3+ 39. Kd2 Qh3 40. Qb6 Qd7+ 41. Ke1 Nd5 42. Qc5 Nxe3 43. Qxe3 g5 44. Qc5 Qd5 45. Qa7+ Kg6 46. Qc7 Qd7 47. Qb6 Kg7 48. Qc5 Qb7 49. Qd6 Bxf3 50. Bxf3 Qxf3 51. Qe7+ Kg6 52. Qe8+ Kf5 53. Qd7+ Kf4 0-1


[Site "https://www.chess.com"]

[Event "Titled Tuesday Blitz June 21 Early 2022"]
[White "Hansen, Eric"]
[Black "Jakubowska, Anna"]
[WhiteFideId "2606771"]
[BlackFideId "1121952"]
[WhiteElo "2568"]
[BlackElo "1878"]
[Result "1-0"]
[Round "08"]
[TimeControl "180+1"]
[Date "2022.06.21"]
[WhiteClock "0:00:46"]
[BlackClock "0:00:32"]

1. d4 d5 2. c4 c6 3. Nc3 Nf6 4. Nf3 e6 5. e3 Nbd7 6. Bd3 dxc4 7. Bxc4 b5 8. Bd3 a6 9. O-O c5 10. b3 Bb7 11. Bb2 Be7 12. a4 b4 13. Nb1 O-O 14. Nbd2 cxd4 15. Nxd4 Nc5 16. Be2 Rc8 17. Rc1 Qd7 18. Nc4 Nfe4 19. Nb6 Qd6 20. Nxc8 Rxc8 21. Bc4 Bf6 22. Qe2 Qe5 23. Rfd1 Qg5 24. f3 Nd6 25. e4 Nxc4 26. Rxc4 Rd8 27. h4 Qe5 28. Rd2 Be7 29. Nc6 Rd5 1-0


[Site "https://www.chess.com"]

[Event "Titled Tuesday Blitz June 21 Early 2022"]
[White "Jaracz, Pawel"]
[Black "Sethuraman, S.P."]
[WhiteFideId "1102222"]
[BlackFideId "5021596"]
[WhiteElo "2459"]
[BlackElo "2473"]
[Result "0-1"]
[Round "08"]
[TimeControl "180+1"]
[Date "2022.06.21"]
[WhiteClock "0:00:04"]
[BlackClock "0:00:36"]

1. e4 c5 2. Nf3 Nc6 3. Bb5 e6 4. O-O Nge7 5. d4 cxd4 6. Nxd4 a6 7. Nxc6 bxc6 8. Bd3 Ng6 9. f4 d5 10. Nd2 Be7 11. Qe2 O-O 12. Kh1 Bd6 13. e5 Bc7 14. Nf3 f6 15. Bd2 a5 16. Rae1 f5 17. c4 Ne7 18. Rc1 Bb6 19. Rc2 c5 20. Be3 d4 21. Bd2 a4 22. h3 Bb7 23. Kh2 Qd7 24. Rg1 Qc6 25. Rcc1 Ng6 26. Rcf1 Ne7 27. g4 fxg4 28. hxg4 g6 29. Ng5 Qd7 30. Be4 Nc6 31. Kg3 h6 32. Nf3 Qg7 33. Rh1 Bc7 34. Qd3 g5 35. Rh5 gxf4+ 36. Kg2 Qxg4+ 37. Kf2 Qxh5 38. Rg1+ Kh8 39. Qf1 Nxe5 40. Rh1 Ng4+ 41. Ke2 Qxh1 42. Qxh1 Bxe4 43. Qh4 d3+ 44. Kd1 Bxf3+ 0-1


[Site "https://www.chess.com"]

[Event "Titled Tuesday Blitz June 21 Early 2022"]
[White "Jia, Haoxiang"]
[Black "Estrada Nieto, Julian"]
[WhiteFideId "8602999"]
[BlackFideId "5101018"]
[WhiteElo "2610"]
[BlackElo "2252"]
[Result "1-0"]
[Round "08"]
[TimeControl "180+1"]
[Date "2022.06.21"]
[WhiteClock "0:01:03"]
[BlackClock "0:00:01"]

1. e4 e5 2. Nf3 Nc6 3. Bb5 a6 4. Ba4 Nf6 5. d3 d6 6. O-O g6 7. c3 Bg7 8. Bg5 h6 9. Be3 O-O 10. h3 Bd7 11. Nbd2 Qe8 12. Bc2 Nh5 13. Re1 f5 14. exf5 gxf5 15. Nf1 Qg6 16. Kh1 Kh8 17. Qd2 f4 18. d4 fxe3 19. Nxe3 Qf7 20. dxe5 Nxe5 21. Nxe5 Bxe5 22. Ng4 Bf4 23. Qd3 Bf5 24. Qd4+ Qg7 25. Bxf5 Qxd4 26. cxd4 Rxf5 27. Re7 d5 28. Rae1 Raf8 29. g3 Bd6 30. R7e6 Nf6 31. f4 Kg7 32. Kg2 Nxg4 33. hxg4 R5f6 34. R6e3 c5 35. Rd3 c4 36. Rde3 R6f7 37. Re6 Rf6 38. R6e3 Rc8 39. Rh1 Bb4 40. Rh5 Rd8 41. Ree5 c3 42. bxc3 Bxc3 43. g5 hxg5 44. Rexg5+ Rg6 45. Rxd5 Rxd5 46. Rxd5 Rb6 47. Kf3 Rb2 48. g4 Rd2 49. Rd7+ Kf6 50. g5+ Ke6 51. Rxb7 Bxd4 52. Ke4 Bc5 53. f5+ Kd6 54. f6 Rd4+ 55. Kf5 1-0


[Site "https://www.chess.com"]

[Event "Titled Tuesday Blitz June 21 Early 2022"]
[White "Jobava, Baadur"]
[Black "Oparin, Grigoriy"]
[WhiteFideId "13601520"]
[BlackFideId "24125890"]
[WhiteElo "2617"]
[BlackElo "2639"]
[Result "1/2-1/2"]
[Round "08"]
[TimeControl "180+1"]
[Date "2022.06.21"]
[WhiteClock "0:00:05"]
[BlackClock "0:00:08"]

1. e4 e5 2. Nf3 Nc6 3. d4 exd4 4. Nxd4 Bc5 5. Nb3 Bb6 6. Be2 Nf6 7. Nc3 O-O 8. O-O Re8 9. Bg5 h6 10. Bxf6 Qxf6 11. Kh1 d6 12. f4 Be6 13. Bd3 Rad8 14. Qh5 Nd4 15. Rae1 Nxb3 16. axb3 Bd4 17. Nb5 Bb6 18. h3 a6 19. Nc3 Bd4 20. Nd1 Bd7 21. c3 Bb6 22. Ne3 Bxe3 23. Rxe3 Bc6 24. Qe2 Qh4 25. Kh2 Re7 26. Qe1 Qxe1 27. Rfxe1 a5 28. h4 g5 29. g3 Kg7 30. Kg1 f6 31. Kf2 Rde8 32. R1e2 b6 33. Re1 Rf8 34. Bc4 Rfe8 35. Bd5 Bd7 36. Bc4 Bc6 37. Bd3 Ra8 38. Ke2 Rae8 39. Kd2 Kh8 40. c4 Kg7 41. Bc2 Rd8 42. Kc3 Rde8 43. Kd4 Rd8 44. Bd1 Bb7 45. Bf3 Rde8 46. Bh5 Rd8 47. Kd3 Bc6 48. Bf3 Rde8 49. e5 Bxf3 50. exf6+ Kxf6 51. fxg5+ hxg5 52. hxg5+ Kf7 53. Rxf3+ Kg6 54. Rxe7 Rxe7 55. Kd4 Re5 56. Rf6+ Kxg5 57. Rf7 Rc5 58. Ke4 b5 59. Kd4 Kg4 60. Rg7+ Kf3 61. cxb5 Rxb5 62. Rxc7 Kxg3 63. Kc4 Rb4+ 64. Kc3 Kf4 65. Rh7 d5 66. Rh4+ Ke5 67. Rh5+ Kd6 68. Rh6+ Kc5 69. Rh8 Rg4 70. Rc8+ Kb5 71. Rb8+ Kc5 72. Rc8+ Kb5 73. Rb8+ Kc5 74. Rc8+ 1/2-1/2


[Site "https://www.chess.com"]

[Event "Titled Tuesday Blitz June 21 Early 2022"]
[White "Kamsky, Gata"]
[Black "Csonka, Balazs"]
[WhiteFideId "2000024"]
[BlackFideId "742910"]
[WhiteElo "2645"]
[BlackElo "2404"]
[Result "1-0"]
[Round "08"]
[TimeControl "180+1"]
[Date "2022.06.21"]
[WhiteClock "0:00:19"]
[BlackClock "0:00:02"]

1. d4 e6 2. Bf4 d5 3. e3 Nf6 4. Nd2 Bd6 5. c3 O-O 6. Ngf3 b6 7. Ne5 Bb7 8. Bd3 Ne4 9. Qc2 f6 10. Nef3 f5 11. Ne5 Nxd2 12. Qxd2 Nd7 13. h4 Nxe5 14. dxe5 Be7 15. Qe2 c5 16. h5 d4 17. Bc4 Bd5 18. exd4 cxd4 19. cxd4 Rc8 20. Ba6 Bb4+ 21. Kf1 Rc7 22. Rh3 Be7 23. Kg1 Bg5 24. Qe3 Bxf4 25. Qxf4 Qe7 26. a3 Rb8 27. Bf1 Rc2 28. Rc3 Rxc3 29. bxc3 Rc8 30. Qg3 Qc7 31. h6 g6 32. Rc1 Qe7 33. c4 Be4 34. Qe3 g5 35. c5 bxc5 36. Rxc5 Rxc5 37. dxc5 Kf7 38. Qd4 Kg6 39. Qd6 Qxd6 40. cxd6 Bc6 41. Ba6 Bd7 42. f3 Kxh6 43. Kf2 Kg6 44. Ke3 h5 45. Kd4 h4 46. Kc5 g4 47. f4 Kf7 48. Bb7 Ke8 49. Kb4 Kd8 50. Ka5 Bc8 51. Bc6 Bd7 52. Bb7 Bc8 53. Ba8 Kd7 54. Kb5 Kd8 55. Ka5 Kd7 56. a4 Kd8 57. Kb4 Bd7 58. a5 Kc8 59. a6 Kb8 60. Bb7 Bc8 61. Kc5 Bxb7 62. d7 Kc7 63. axb7 1-0


[Site "https://www.chess.com"]

[Event "Titled Tuesday Blitz June 21 Early 2022"]
[White "Karttunen, Mika"]
[Black "Rodchenkov, Sergey D."]
[WhiteFideId "502081"]
[BlackFideId "4168712"]
[WhiteElo "2343"]
[BlackElo "2293"]
[Result "1-0"]
[Round "08"]
[TimeControl "180+1"]
[Date "2022.06.21"]
[WhiteClock "0:00:25"]
[BlackClock "0:00:16"]

1. c4 e5 2. Nc3 Nf6 3. Nf3 Nc6 4. d3 d5 5. cxd5 Nxd5 6. e4 Nb6 7. Be3 Be6 8. Be2 f6 9. O-O Qd7 10. a3 O-O-O 11. b4 g5 12. a4 Bxb4 13. Nb5 a6 14. Qb1 g4 15. Nh4 a5 16. Rc1 Kb8 17. Qb2 Nd4 18. Bxd4 Nxa4 19. Ba7+ Ka8 20. Rxa4 Qxb5 21. Rca1 c5 22. Bxc5 Qxc5 23. Rxb4 Rc8 24. Rb5 Qc3 25. Raxa5+ Kb8 26. Rxb7# 1-0


[Site "https://www.chess.com"]

[Event "Titled Tuesday Blitz June 21 Early 2022"]
[White "Korchmar, Vasiliy"]
[Black "Terry, Renato"]
[WhiteFideId "24131750"]
[BlackFideId "3803457"]
[WhiteElo "2370"]
[BlackElo "2577"]
[Result "0-1"]
[Round "08"]
[TimeControl "180+1"]
[Date "2022.06.21"]
[WhiteClock "0:00:02"]
[BlackClock "0:01:10"]

1. e4 g6 2. d4 Bg7 3. c3 d6 4. Bd3 e5 5. Nf3 Nc6 6. d5 Nce7 7. c4 c5 8. Nc3 h6 9. h3 f5 10. exf5 gxf5 11. Nh4 Nf6 12. g4 fxg4 13. Ng6 Nxg6 14. Bxg6+ Kf8 15. hxg4 Bxg4 16. f3 Bd7 17. Be3 Rb8 18. Qd2 b5 19. Bxh6 Bxh6 20. Rxh6 Kg7 21. Qg5 Nxd5 22. Qxd8 Rhxd8 23. Nxd5 Kxh6 24. Be4 Bc6 25. O-O-O Bxd5 26. Bxd5 bxc4 27. Bxc4 Kg5 28. Rg1+ Kf4 29. Bd5 Rd7 30. Kd2 Rxb2+ 31. Kd3 Rb4 32. Rg4+ Kf5 33. Be4+ Kf6 0-1


[Site "https://www.chess.com"]

[Event "Titled Tuesday Blitz June 21 Early 2022"]
[White "Kosakowski, Jakub"]
[Black "Fier, Alexandr"]
[WhiteFideId "1185080"]
[BlackFideId "2107139"]
[WhiteElo "2476"]
[BlackElo "2571"]
[Result "1-0"]
[Round "08"]
[TimeControl "180+1"]
[Date "2022.06.21"]
[WhiteClock "0:01:12"]
[BlackClock "0:01:59"]

1. e4 Nf6 2. e5 Nd5 3. d4 d6 4. Nf3 g6 5. Bc4 Nb6 6. Bb3 Bg7 7. O-O O-O 8. h3 Nc6 9. Qe2 Na5 10. Nbd2 Nxb3 11. axb3 a5 12. Re1 Bd7 13. Ne4 Bc6 14. Bg5 f6 15. Bh4 Qd7 16. Rad1 a4 17. c4 Bxe4 18. Qxe4 axb3 19. exd6 exd6 20. c5 d5 21. Qd3 Nc4 22. Qxb3 c6 23. Qc3 Rfe8 24. Bg3 Kf7 25. Rxe8 Rxe8 26. Ra1 Re2 27. b3 Nb2 28. Rb1 h5 29. Rxb2 Qe6 30. Ne5+ Rxe5 31. dxe5 fxe5 32. Qb4 Qe7 33. Re2 e4 34. Bd6 Qd7 35. f3 exf3 36. Qf4+ Kg8 37. Re7 1-0


[Site "https://www.chess.com"]

[Event "Titled Tuesday Blitz June 21 Early 2022"]
[White "Kozelov, Roman"]
[Black "Antonio, Jorge Carlos"]
[WhiteFideId "14133377"]
[BlackFideId "113190"]
[WhiteElo "2149"]
[BlackElo "2247"]
[Result "1/2-1/2"]
[Round "08"]
[TimeControl "180+1"]
[Date "2022.06.21"]
[WhiteClock "0:00:14"]
[BlackClock "0:00:21"]

1. e4 c5 2. Nf3 d6 3. Bb5+ Bd7 4. a4 a6 5. Bc4 Nc6 6. Nc3 e6 7. d4 cxd4 8. Nxd4 Nxd4 9. Qxd4 Ne7 10. O-O Nc6 11. Qe3 Be7 12. f4 O-O 13. f5 Ne5 14. Bb3 Rc8 15. Qg3 Nc4 16. Kh1 Bf6 17. Bxc4 Rxc4 18. Qxd6 Bxc3 19. bxc3 Rxc3 20. fxe6 Bxe6 21. Qe5 Qc7 22. Qg5 Rxc2 23. Bf4 Qc5 24. Qg3 Rc3 25. Bd6 Rxg3 26. Bxc5 Rc8 27. hxg3 Rxc5 28. Rfb1 Rc7 29. Rb6 Kf8 30. Rab1 Bc8 31. Rd1 Ke7 32. Rd4 Bd7 33. Kg1 Bc6 34. Kf2 Kf6 35. Ke3 Re7 36. Rc4 Kg5 37. Kf3 f5 38. g4 Bxe4+ 39. Kg3 f4+ 40. Kf2 Bc6 41. Rbb4 Rf7 42. Rd4 Kxg4 43. g3 g5 44. gxf4 gxf4 45. Rd6 h5 46. Rg6+ Kf5 47. Rh6 Kg5 48. Rh8 Kg4 49. Rg8+ Kf5 50. Rh8 Kg4 51. Rg8+ Kf5 52. Rh8 Kg4 1/2-1/2


[Site "https://www.chess.com"]

[Event "Titled Tuesday Blitz June 21 Early 2022"]
[White "Kozlov, Oleg"]
[Black "Samunenkov, Ihor"]
[WhiteFideId "4104544"]
[BlackFideId "14187086"]
[WhiteElo "2132"]
[BlackElo "2409"]
[Result "0-1"]
[Round "08"]
[TimeControl "180+1"]
[Date "2022.06.21"]
[WhiteClock "0:02:09"]
[BlackClock "0:01:20"]

1. d4 d5 2. c4 e6 3. Nf3 Nf6 4. g3 dxc4 5. Bg2 c6 6. Ne5 Bb4+ 7. Bd2 Be7 8. e3 b5 9. Nxc6 Nxc6 10. Bxc6+ Bd7 11. Qf3 Rc8 12. Bxd7+ Qxd7 13. O-O O-O 14. a3 Qd5 15. Qe2 Qb7 16. Nc3 a5 17. a4 b4 18. Nb5 Ne4 19. Rfc1 Ng5 20. h4 Nf3+ 21. Kf1 Nxd4 0-1


[Site "https://www.chess.com"]

[Event "Titled Tuesday Blitz June 21 Early 2022"]
[White "Krallis, Christos"]
[Black "Tregubov, Pavel V."]
[WhiteFideId "4298896"]
[BlackFideId "4115341"]
[WhiteElo "2234"]
[BlackElo "2341"]
[Result "1-0"]
[Round "08"]
[TimeControl "180+1"]
[Date "2022.06.21"]
[WhiteClock "0:00:09"]
[BlackClock "0:00:05"]

1. e4 c5 2. Nf3 e6 3. d4 cxd4 4. Nxd4 Nc6 5. Bf4 Nf6 6. Nb5 e5 7. Bg5 a6 8. Bxf6 Qa5+ 9. N5c3 gxf6 10. Bc4 b5 11. Bb3 Nd4 12. Bd5 Rb8 13. Qh5 Ne6 14. Nd2 b4 15. Nc4 Qc7 16. Nd1 Bb7 17. Nce3 Bc5 18. O-O Rf8 19. Bxb7 Rxb7 20. Nd5 Qd8 21. N1e3 Ng5 22. Ng4 Rb6 23. Nxb6 Qxb6 24. Kh1 Nxe4 25. Qf5 d5 26. f3 h5 27. fxe4 hxg4 28. exd5 g3 29. h3 Bf2 30. d6 Qd8 31. Rad1 Qd7 32. Qe4 Rg8 33. Qa8+ Qd8 34. d7+ Ke7 35. Qc6 Qa5 36. Qd6+ Kd8 37. Qb8+ Ke7 38. Qxg8 1-0


[Site "https://www.chess.com"]

[Event "Titled Tuesday Blitz June 21 Early 2022"]
[White "Lagno, Kateryna"]
[Black "Srbis, Jurica"]
[WhiteFideId "14109336"]
[BlackFideId "14515555"]
[WhiteElo "2522"]
[BlackElo "2519"]
[Result "1-0"]
[Round "08"]
[TimeControl "180+1"]
[Date "2022.06.21"]
[WhiteClock "0:00:19"]
[BlackClock "0:00:08"]

1. e4 e5 2. Nf3 Nc6 3. Nc3 Nf6 4. d4 exd4 5. Nxd4 Bc5 6. Be3 Bb6 7. Qd2 O-O 8. O-O-O Re8 9. f3 d5 10. Bb5 Bd7 11. exd5 Nxd4 12. Bxd4 Bxb5 13. Nxb5 Qxd5 14. Nc3 Qc6 15. Qf4 Qc4 16. Kb1 Rad8 17. Be5 Qxf4 18. Bxf4 Rxd1+ 19. Rxd1 c6 20. a4 h6 21. b4 g5 22. Bc1 a5 23. Ba3 axb4 24. Bxb4 Rd8 25. Rxd8+ Bxd8 26. Kb2 Bc7 27. h3 Kg7 28. Kb3 Nh5 29. Ne2 Kf6 30. Bc3+ Ke6 31. Kc4 Kd7 32. g4 Nf4 33. Nxf4 Bxf4 34. Bg7 Ke6 35. Bxh6 f6 36. Bf8 Kf7 37. Bb4 Ke6 38. Bc3 Bg3 39. Bd4 Bd6 40. Bf2 Ba3 41. h4 gxh4 42. Bxh4 Bd6 43. Bf2 Ba3 44. Be3 Bd6 45. f4 Ba3 46. Kd4 Bd6 47. Ke4 Ba3 48. f5+ Ke7 49. Bd4 Bd6 50. Kf3 Ba3 51. Kg3 Bd6+ 52. Kh4 Kf7 53. Kh5 Bf4 54. Bc3 Bg5 55. Be1 Kg7 56. Bh4 Bd2 57. g5 fxg5 58. Bxg5 Bc3 59. Kg4 Kf7 60. Kf3 Bd4 61. Ke4 Bc3 62. Kd3 Bb4 63. Kc4 Bd6 64. Kd4 Ba3 65. Ke5 Bb4 66. Be3 Ba3 67. Bd4 Be7 68. c3 Ba3 69. f6 Bf8 70. c4 Bb4 71. c5 Ba3 72. Kd6 b6 73. Kxc6 bxc5 74. Bxc5 Bb2 75. Be7 Bc3 76. Kb5 Ke6 77. a5 Kd7 78. Kb6 Bd4+ 79. Kb7 Ke6 80. a6 1-0


[Site "https://www.chess.com"]

[Event "Titled Tuesday Blitz June 21 Early 2022"]
[White "Lashkin, Jegor"]
[Black "Ibrahimli, Murad"]
[WhiteFideId "13907808"]
[BlackFideId "13410229"]
[WhiteElo "2368"]
[BlackElo "2109"]
[Result "1-0"]
[Round "08"]
[TimeControl "180+1"]
[Date "2022.06.21"]
[WhiteClock "0:00:48"]
[BlackClock "0:00:04"]

1. d4 d5 2. c4 c6 3. Nc3 Nf6 4. e3 e6 5. Nf3 Nbd7 6. Qc2 Bd6 7. Bd3 O-O 8. O-O dxc4 9. Bxc4 a6 10. e4 e5 11. dxe5 Nxe5 12. Nxe5 Bxe5 13. h3 Be6 14. Bxe6 fxe6 15. Be3 Nh5 16. Ne2 Qh4 17. Rad1 Rae8 18. Rd7 Nf6 19. Rxb7 Ng4 20. Bd4 c5 21. Qxc5 Bxd4 22. Qxd4 Nf6 23. e5 Qxd4 24. Nxd4 Nd5 25. g3 h5 26. h4 g5 27. hxg5 h4 28. Kg2 hxg3 29. Kxg3 Rf4 30. Nc6 Rf5 31. f4 Ref8 32. Ne7+ Nxe7 33. Rxe7 Rxg5+ 34. fxg5 Rxf1 35. Rxe6 Rb1 36. b3 1-0


[Site "https://www.chess.com"]

[Event "Titled Tuesday Blitz June 21 Early 2022"]
[White "Legenia, Artem"]
[Black "Horak, Martin"]
[WhiteFideId "14136945"]
[BlackFideId "367095"]
[WhiteElo "1936"]
[BlackElo "1997"]
[Result "0-1"]
[Round "08"]
[TimeControl "180+1"]
[Date "2022.06.21"]
[WhiteClock "0:00:15"]
[BlackClock "0:00:05"]

1. d4 Nf6 2. Nf3 c5 3. e3 g6 4. b3 Bg7 5. Bb2 cxd4 6. exd4 O-O 7. Bd3 b6 8. O-O Bb7 9. Nbd2 Nc6 10. a3 Rc8 11. Qe2 Rc7 12. c4 d5 13. Rad1 e6 14. Ne5 dxc4 15. Ndxc4 Ne7 16. Ng4 Nfd5 17. g3 Qa8 18. Nd6 Bc6 19. Rfe1 Nc3 20. Bxc3 Bf3 21. Qd2 Bxg4 22. Be4 Qd8 23. Nc4 Bxd1 24. Rxd1 Nd5 25. Bb2 Qe7 26. Ne3 Nxe3 27. fxe3 Qd6 28. Bc3 Rfc8 29. Bb4 Qd7 30. d5 exd5 31. Qxd5 Qxd5 32. Rxd5 Bf8 33. Be1 Rc1 34. Kf2 Bxa3 35. Bd3 Kg7 36. Bc4 Rc7 37. Bd2 Rc2 38. Ke1 Be7 39. Bd3 Ra2 40. e4 Bf6 41. Be3 Ra1+ 42. Ke2 Ra2+ 43. Kf3 Rc3 44. g4 h6 45. h4 Bxh4 46. Rd7 Bf6 47. Bc4 Rxc4 48. bxc4 Ra3 49. Ke2 Rc3 50. Rxa7 Rxc4 51. Rb7 Rxe4 52. Rxb6 Rxg4 53. Kf3 Ra4 54. Rb7 Bg5 55. Bc5 h5 56. Rb5 Rf4+ 57. Kg3 Rf5 58. Bd4+ Bf6 59. Rxf5 gxf5 60. Be3 Kg6 61. Bd2 Be5+ 62. Kf3 h4 63. Be1 Kh5 64. Bf2 Bg3 65. Bd4 Kg5 66. Bc5 Be5 67. Be7+ Bf6 68. Bd6 Bg7 69. Bf4+ Kh5 70. Be5 Bh6 71. Bd6 f4 72. Bc7 h3 73. Bb6 Bg5 74. Bg1 Kh4 75. Bf2+ Kh5 76. Bg1 Kg6 77. Bf2 Kf5 78. Bg1 Bh4 79. Bh2 Bg3 80. Bxg3 fxg3 81. Kxg3 Ke4 82. Kxh3 Kf3 83. Kh2 f5 84. Kg1 Ke2 85. Kg2 f4 86. Kg1 f3 0-1


[Site "https://www.chess.com"]

[Event "Titled Tuesday Blitz June 21 Early 2022"]
[White "Leve, Nitai"]
[Black "Nguyen, Quoc Hy"]
[WhiteFideId "2006898"]
[BlackFideId "12410853"]
[WhiteElo "2144"]
[BlackElo "1938"]
[Result "1/2-1/2"]
[Round "08"]
[TimeControl "180+1"]
[Date "2022.06.21"]
[WhiteClock "0:00:03"]
[BlackClock "0:00:06"]

1. d4 c5 2. e3 d5 3. Nf3 Nf6 4. c4 cxd4 5. exd4 Nc6 6. Nc3 Bg4 7. cxd5 Nxd5 8. Qb3 Bxf3 9. gxf3 Ndb4 10. d5 Nd4 11. Bb5+ Nxb5 12. Nxb5 Qa5 13. Nc7+ Qxc7 14. Qxb4 e6 15. Qb5+ Qd7 16. Qxd7+ Kxd7 17. dxe6+ Kxe6 18. Bd2 Rd8 19. Bc3 f6 20. O-O Bc5 21. Rac1 Bb6 22. a4 Rd7 23. a5 Bc7 24. Rfe1+ Kf5 25. Re4 Rhd8 26. Rb4 Bf4 27. Re1 g5 28. Rb5+ Kg6 29. Re6 Rf7 30. Rc5 h5 31. a6 bxa6 32. Rcc6 Rdf8 33. Rxa6 h4 34. h3 Kf5 35. Kg2 Be5 36. Rec6 Bxc3 37. bxc3 Rd7 38. Ra5+ Kg6 39. c4 Rd4 40. Rxa7 Rf4 41. Rcc7 Rd8 42. Rg7+ Kh6 43. c5 Rd3 44. Rge7 Rdxf3 45. Re2 Rc3 46. Rc7 Kg6 47. c6 Rc5 48. Rc8 Rfc4 49. Re6 Kf5 50. Rd6 Ke5 51. Rdd8 Rxc6 52. Re8+ Kf5 53. Ra8 Rc7 54. Ra5+ R7c5 55. Ra3 Rc3 56. Ra4 Kg6 57. Ra6 Rc6 58. Re6 Rxe6 59. Rxe6 Kf5 60. Re1 Kf4 61. Ra1 Rc4 62. Ra3 f5 63. Rf3+ Ke5 64. Re3+ Kf6 65. Ra3 g4 66. hxg4 fxg4 67. Ra5 Re4 68. Rb5 Re5 69. Rb8 Kf5 70. Rh8 Kg5 71. Rg8+ Kf4 72. Rf8+ Rf5 73. Rh8 h3+ 74. Kh2 Kf3 75. Rg8 Rf4 76. Ra8 Kxf2 77. Ra2+ Kf3 78. Ra3+ Ke4 79. Ra4+ Kf5 80. Ra8 Rf2+ 81. Kg1 Rg2+ 82. Kh1 Rc2 83. Ra5+ Kf4 84. Ra4+ Kg3 85. Ra3+ Kh4 86. Ra4 Rc1+ 87. Kh2 Rb1 88. Rxg4+ Kxg4 1/2-1/2


[Site "https://www.chess.com"]

[Event "Titled Tuesday Blitz June 21 Early 2022"]
[White "Ljukin, Sergei"]
[Black "Shuvalova, Polina"]
[WhiteFideId "14102200"]
[BlackFideId "24171760"]
[WhiteElo "2312"]
[BlackElo "2330"]
[Result "0-1"]
[Round "08"]
[TimeControl "180+1"]
[Date "2022.06.21"]
[WhiteClock "0:00:37"]
[BlackClock "0:00:43"]

1. e4 c6 2. d4 d5 3. e5 Bf5 4. Nd2 e6 5. Nb3 Ne7 6. Nf3 Ng6 7. Be2 Nd7 8. O-O f6 9. exf6 Qxf6 10. Bg5 Qf7 11. Nc1 Bd6 12. Nd3 h6 13. Bh4 Nxh4 14. Nxh4 Bxd3 15. Bxd3 O-O 16. Ng6 Rfe8 17. f4 c5 18. c3 cxd4 19. cxd4 Qf6 20. Ne5 Nf8 21. Qg4 Rac8 22. Rae1 a6 23. h4 b5 24. h5 Rc7 25. f5 Qg5 26. Qxg5 hxg5 27. f6 gxf6 28. Rxf6 Rec8 29. Ng6 Rc1 30. Kf1 Bg3 31. Rxc1 Rxc1+ 32. Ke2 Nd7 33. Rxe6 Re1+ 34. Kf3 Rxe6 35. Kxg3 Re3+ 0-1


[Site "https://www.chess.com"]

[Event "Titled Tuesday Blitz June 21 Early 2022"]
[White "Luo, Terry"]
[Black "Kvaloy, Aksel Bu"]
[WhiteFideId "30931045"]
[BlackFideId "1528815"]
[WhiteElo "2024"]
[BlackElo "2006"]
[Result "1-0"]
[Round "08"]
[TimeControl "180+1"]
[Date "2022.06.21"]
[WhiteClock "0:01:11"]
[BlackClock "0:00:06"]

1. d4 Nf6 2. c4 e6 3. g3 d5 4. Bg2 Bb4+ 5. Bd2 Be7 6. Nf3 O-O 7. O-O Nbd7 8. Qc2 Ne4 9. Nc3 Nxd2 10. Nxd2 c6 11. e4 dxe4 12. Ndxe4 f5 13. Nd2 e5 14. dxe5 Nxe5 15. Rfe1 Bf6 16. Nf3 Nxf3+ 17. Bxf3 Qc7 18. Rad1 f4 19. g4 h5 20. h3 hxg4 21. hxg4 Qf7 22. Ne4 Bh4 23. Nd6 Qf6 24. Nxc8 Raxc8 25. Rd7 Rf7 26. Rxf7 Kxf7 27. Qe4 Kf8 28. b3 a5 29. Kg2 a4 30. b4 Kg8 31. b5 cxb5 32. Qxb7 Rxc4 33. Bd5+ Kh7 34. Bxc4 bxc4 35. Qe4+ Kh8 36. Qe8+ Kh7 37. Qh5+ Qh6 38. Qxh6+ Kxh6 39. Rc1 Bf6 40. Rxc4 a3 41. Rxf4 Kg5 42. Ra4 Bb2 43. Kg3 Kg6 44. f4 Bc1 45. Ra6+ Kf7 46. g5 g6 47. Kg4 Kg7 48. Ra7+ Kg8 49. f5 gxf5+ 50. Kxf5 Bb2 51. g6 Kf8 52. Ke6 Kg8 53. Kd5 Kf8 54. Kc4 Kg8 55. Kb3 Bc1 56. Rxa3 Bxa3 57. Kxa3 Kg7 58. Kb4 Kxg6 59. a4 Kf7 60. a5 Ke8 61. a6 Kd8 62. a7 Kc8 63. a8=Q+ Kc7 64. Qd5 Kb6 65. Qd6+ Kb7 66. Kb5 Ka8 67. Qd7 Kb8 68. Kb6 Ka8 69. Qc8# 1-0


[Site "https://www.chess.com"]